 Dungeon Sprint DCSS version 0.17-a0-2024-gc284f19 (webtiles) character file.

1162 Ordine the Eclecticist (level 8, -4/41 HPs)
             Began as a Deep Elf Fire Elementalist on Oct 10, 2015.
             Was a Follower of Vehumet.
             Killed by an exploding giant spore (12 damage)
             ... in the Dungeon (Sprint I: "Red Sonja").
             The game lasted 00:12:34 (1412 turns).

Ordine the Eclecticist (Deep Elf Fire Elementalist) Turns: 1412, Time: 00:12:35

Health: -4/41      AC:  2    Str:  5    XL:     8   Next: 17%
Magic:  30/30      EV: 13    Int: 23    God:    Vehumet [*.....]
Gold:   199        SH:  0    Dex: 15    Spells: 5 memorised, 23 levels left

rFire  . . .     SeeInvis .     (no weapon)
rCold  . . .     Clarity  .     a - +0 robe
rNeg   . . .     SustAt   .     (no shield)
rPois  .         Gourm    .     (no helmet)
rElec  .         Spirit   .     (no cloak)
rCorr  .         Warding  .     (no gloves)
rMut   .         NoTele   +     (no boots)
MR     .....                    (no amulet)
Stlth  +.........               (no ring)
                                (no ring)

@: confused, not resistant to hostile enchantments, very unstealthy
A: no striking features
a: Renounce Religion


You were in the Dungeon.
You worshipped Vehumet.
Vehumet was aware of your devotion.
You were not hungry.

You visited 1 branch You collected 567 gold pieces.
You spent 368 gold pieces at shops.

Inventory:

Armour
 a - a +0 robe (worn)
Scrolls
 i - a scroll of blinking
Potions
 d - a potion of curing
 e - a potion of heal wounds
 f - a potion of haste
 g - 2 potions of magic


   Skills:
 - Level 2.4 Dodging
 - Level 2.4 Stealth
 - Level 16.7 Spellcasting
 + Level 9.8 Conjurations
 + Level 9.2 Fire Magic


You had 23 spell levels left.
You knew the following spells:

 Your Spells              Type           Power        Failure   Level  Hunger
a - Throw Flame           Conj/Fire      ######       1%          2    None
b - Conjure Flame         Conj/Fire      ######..     1%          3    None
c - Sticky Flame          Conj/Fire      ######..     1%          4    None
d - Fireball              Conj/Fire      ######....   1%          5    #......
h - Passwall              Trmt/Erth      ###.......   10%         3    None


Dungeon Overview and Level Annotations

Branches:
Dungeon (1/1)

Altars:
Cheibriados
Dithmenos
Elyvilon
Fedhas
Gozag
Kikubaaqudgha
Makhleb
Nemelex Xobeh
Okawaru
Qazlal
Ru
Sif Muna
Trog
Vehumet
Xom
Yredelemnul
Zin
The Shining One
Jiyva

Shops:
D }*


Message History

Things that are here:
an enchanted blowgun; an uncursed dagger of distortion; 5 curare-tipped needles You start resting.
HP restored.
You open the door.
Found five items.
The giant spore waves its rhizomes. x2
Things that are here:
an enchanted blowgun; an uncursed dagger of distortion; 5 curare-tipped needles A ballistomycete grows in the wake of the giant spore.
The giant spore explodes!
The explosion of spores engulfs you!
You are confused.
Ouch! That really hurt!
* * * LOW HITPOINT WARNING * * *
The explosion of spores engulfs the giant spore.
The giant spore explodes!
The explosion of spores engulfs you!
You are more confused.
You die...

#..'..#..').#..'..'..#
#..#####'#####'#__####
#..####..#...#/####
#..#__####..##)#
#..#§..__##'#..+
#⌠⌠#§.∩:..'..._#
####§..._##_(#'#
#..#____§###'#)#
############@###
#∩........'...+
###++++####.).# ##.##
#P# !$!


$))=$ ####### There were no monsters in sight!

Vanquished Creatures
  Sonja (D)
  A slime creature (D)
  Sigmund (D)
  A yak (D)
  An ogre (D)
  A jelly (D)
  Ijyb (D)
7 creatures vanquished.

Vanquished Creatures (others)
  A gargoyle (D)
1 creature vanquished.

Grand Total: 8 creatures vanquished

Notes
Turn   | Place    | Note
--------------------------------------------------------------
     0 | D        | Ordine the Deep Elf Fire Elementalist began the quest for the Orb.
     0 | D        | Reached XP level 1. HP: 10/10 MP: 6/6
     2 | D        | Noticed Ijyb
    32 | D        | Killed Ijyb
    32 | D        | Reached skill level 6 in Conjurations
    32 | D        | Reached XP level 2. HP: 3/15 MP: 5/8
    36 | D        | Learned a level 2 spell: Throw Flame
   252 | D        | Noticed an ogre
   255 | D        | Killed an ogre
   255 | D        | Reached skill level 9 in Conjurations
   255 | D        | Reached XP level 3. HP: 19/19 MP: 2/9
   255 | D        | Reached XP level 4. HP: 24/24 MP: 2/10
   261 | D        | Learned a level 4 spell: Sticky Flame
   420 | D        | Noticed Sigmund
   427 | D        | Killed Sigmund
   427 | D        | Reached skill level 11 in Spellcasting
   427 | D        | Reached XP level 5. HP: 8/28 MP: 0/20
   432 | D        | Learned a level 3 spell: Conjure Flame
   438 | D        | Learned a level 5 spell: Fireball
   626 | D        | Killed a gargoyle
   742 | D        | Found a deep blue altar of Sif Muna.
   743 | D        | Noticed a jelly
   744 | D        | Killed a jelly
   744 | D        | Reached XP level 6. HP: 32/32 MP: 16/22
   745 | D        | Found a radiant altar of Vehumet.
   777 | D        | Became a worshipper of Vehumet
   787 | D        | Found a snail-covered altar of Cheibriados.
   787 | D        | Found a viscous altar of Jiyva.
   787 | D        | Found a shadowy altar of Dithmenos.
   787 | D        | Found a blossoming altar of Fedhas.
   787 | D        | Noticed a slime creature
   803 | D        | Killed a slime creature
  1033 | D        | Found Ogesyf's Assorted Antiques.
  1033 | D        | Found a white marble altar of Elyvilon.
  1033 | D        | Found a stormy altar of Qazlal.
  1033 | D        | Found a burning altar of Makhleb.
  1033 | D        | Found a sacrificial altar of Ru.
  1033 | D        | Found a basalt altar of Yredelemnul.
  1033 | D        | Found a glowing golden altar of the Shining One.
  1033 | D        | Found a sparkling altar of Nemelex Xobeh.
  1033 | D        | Found a shimmering altar of Xom.
  1033 | D        | Found an opulent altar of Gozag.
  1033 | D        | Found an ancient bone altar of Kikubaaqudgha.
  1033 | D        | Found a glowing silver altar of Zin.
  1033 | D        | Noticed a yak
  1039 | D        | Killed a yak
  1039 | D        | Reached skill level 12 in Spellcasting
  1039 | D        | Reached XP level 7. HP: 31/36 MP: 15/25
  1046 | D        | Found an iron altar of Okawaru.
  1047 | D        | Found a bloodstained altar of Trog.
  1051 | D        | Bought a scroll labeled YCWIRYUREETT for 23 gold pieces
  1051 | D        | Bought an antique book for 345 gold pieces
  1051 | D        | Identified the Catalogue of Changing (You bought it in a shop in the Dungeon)
  1056 | D        | Learned a level 3 spell: Passwall
  1267 | D        | Noticed Sonja
  1269 | D        | Killed Sonja
  1269 | D        | Acquired Vehumet's first power
  1269 | D        | Offered knowledge of Sandblast by Vehumet.
  1269 | D        | Reached skill level 16 in Spellcasting
  1269 | D        | Reached XP level 8. HP: 36/41 MP: 15/30
  1351 | D        | Found Sakeuph's Gadget Boutique.
  1412 | D        | Killed by an exploding giant spore

Vault maps used:
D:        dungeon_sprint_1

Action                   |  1- 3 |  4- 6 |  7- 9 || total
-------------------------+-------+-------+-------++-------
Melee: Unarmed           |    25 |       |       ||    25
 Cast: Flame Tongue      |     2 |       |       ||     2
       Throw Flame       |     2 |     4 |       ||     6
       Sticky Flame      |       |     3 |       ||     3
       Fireball          |       |     2 |     2 ||     4
       Passwall          |       |       |     2 ||     2
  Use: Potion            |     1 |       |       ||     1
       Scroll            |       |     1 |     1 ||     2
  Eat: Bread ration      |       |     1 |       ||     1
